 Dungeon Crawl Stone Soup version 0.20.1-1-g8b1a95d66d (webtiles) character file.

69 Optimism the Firebug (level 4, -10/18 HPs)
             Began as a Felid Fire Elementalist on Nov 30, 2017.
             Killed by divine providence
             ... invoked by an orc priest
              (16 damage)
             ... on level 3 of the Dungeon.
             The game lasted 00:09:54 (2605 turns).

Optimism the Firebug (Felid Fire Elementalist)      Turns: 2605, Time: 00:09:54

Health: -10/18     AC:  1    Str:  4    XL:     4   Next: 2%
Magic:  1/9        EV: 18    Int: 17    God:
Gold:   86         SH:  0    Dex: 16    Spells: 7/8 levels left
                                        Lives:  0   Deaths: 1

rFire    . . .     SeeInvis +   (weapon unavailable)
rCold    . . .     Gourm    .   (shield unavailable)
rNeg     . . .     Faith    .   (armour unavailable)
rPois    .         Spirit   .   (helmet unavailable)
rElec    .         Reflect  .   (cloak unavailable)
rCorr    .         Harm     .   (gloves unavailable)
MR       .....                  (boots unavailable)
Stlth    +++.......             (no amulet)
Regen    0.1/turn               (no ring)
MPRegen  0.2/turn               (no ring)

@: quick
A: no armour, no weapons or thrown items, stealth, claws 1, fangs 3, see
invisible, carnivore 3, speed 1, shaggy fur 1, slow metabolism 1, sharp paws
a: no special abilities


You were on level 3 of the Dungeon.
You were not hungry.

You visited 1 branch of the dungeon, and saw 3 of its levels.

You collected 86 gold pieces.

Inventory:

Scrolls
 d - 6 scrolls of identify {unknown}
 f - 2 scrolls of teleportation {unknown}
 g - a scroll of enchant weapon {unknown}
 j - a scroll of remove curse {unknown}
 k - a scroll of fog {unknown}
 m - a scroll of enchant armour {unknown}
 n - a scroll of fear {unknown}
Potions
 b - 2 potions of degeneration {unknown}
 c - 3 potions of brilliance {unknown}
 e - a potion of mutation {unknown}
 h - a potion of lignification {unknown}
 l - a potion of resistance {unknown}
Books
 a - a book of Flames

   Spells                             Type                      Level
   a - Flame Tongue                   Conjuration/Fire             1
   b - Throw Flame                    Conjuration/Fire             2
   c - Conjure Flame                  Conjuration/Fire             3
   d - Inner Flame                    Hexes/Fire                   3
   e - Sticky Flame                   Conjuration/Fire             4
   f - Fireball                       Conjuration/Fire             5
Comestibles
 i - a royal jelly


   Skills:
 + Level 0.4 Fighting
 + Level 3.1 Dodging
 + Level 3.4 Stealth
 + Level 2.9 Spellcasting
 + Level 1.7 Conjurations
 + Level 3.9 Fire Magic


You had 7 spell levels left.
You knew the following spells:

 Your Spells              Type           Power        Failure   Level  Hunger
a - Flame Tongue          Conj/Fire      ##...        5%          1    #......


Dungeon Overview and Level Annotations

Branches:
Dungeon (3/15)

Altars:


Innate Abilities, Weirdness & Mutations

You cannot wear armour.
You are incapable of wielding weapons or throwing items.
Your paws allow you to move quietly. (Stealth)
You have sharp claws.
You have razor-sharp teeth.
You have supernaturally acute eyesight. (SInv)
You are carnivorous and can eat meat at any time.
You cover ground quickly.
You are covered in fur. (AC +1)
You have a slow metabolism.
Your sharp claws are effective at attacking unaware monsters.


Message History

The orc priest is lightly wounded.
Casting: Flame Tongue
Confirm with . or Enter, or press ? or * to list all spells.
Aiming: Flame Tongue
Press: ? - help, Shift-Dir - straight line, f/p - orc priest
Aim: an orc priest, wearing a chain mail (lightly wounded)
The flame tongue hits the orc priest.
The orc priest appears unharmed.
The orc priest is lightly wounded.
Casting: Flame Tongue
Confirm with . or Enter, or press ? or * to list all spells.
You don't have enough magic to cast that spell.
The orc priest completely misses you.
Things that are here:
a flail; an orc corpse The orc priest looks braver for a moment.
There is an open door here.
The orc priest mumbles some strange prayers to Beogh against you.
Beogh smites you!
Ouch! That really hurt!
You die...

.............#
.###........#
#..†##.######
#...##.########
########
#)).##..)......
#......#
#o..##.########
#......# #...##.#
####......###o.%##.#
#.........@......#.#
##
#.##......###....#.#
#. #.##......#
####.#.# #.
#.#########
.#.#######. #.#
.#†(....... #.#
.....)######### #.#
..... ..... #.# ....
#. #.# #...# ... #.


You could see an orc priest.

Vanquished Creatures
  An orc priest (D:3)
  A gnoll (D:3)
  3 adders
  2 oozes
  An adder skeleton (D:3)
  A leopard gecko (D:1)
  5 orcs (D:3)
  3 giant cockroaches
  5 hobgoblins
  2 quokkas
  5 bats
  4 frilled lizards
  5 goblins
  8 kobolds
  5 rats
51 creatures vanquished.

Notes
Turn   | Place    | Note
-------+----------+-------------------------------------------
     0 | D:1      | Optimism the Felid Fire Elementalist began the quest for the Orb.
     0 | D:1      | Reached XP level 1. HP: 7/7 MP: 4/4
   174 | D:1      | Reached skill level 1 in Conjurations
   279 | D:1      | Reached XP level 2. HP: 6/11 MP: 1/6
  1271 | D:2      | Reached XP level 3. HP: 14/14 MP: 3/7
  2020 | D:3      | Reached XP level 4. HP: 18/18 MP: 2/8
  2255 | D:3      | Killed from afar by an orc priest
  2256 | D:3      | Reached XP level 3. HP: -9/15 MP: 1/8
  2592 | D:3      | Reached XP level 4. HP: 18/18 MP: 3/9
  2605 | D:3      | Killed from afar by an orc priest

Skill      XL: |  1  2  3 |
---------------+----------+-----
Conjurations   | 1 |  1.7
Fire Magic     | 3 |  3.9
Stealth        | 3 |  3.4
Dodging        | 3 |  3.1
Fighting       | |  0.4
Spellcasting   | |  2.9

Action                   |  1- 3 |  4- 6 || total
-------------------------+-------+-------++-------
Melee: Unarmed           |     1 |     1 ||     2
 Cast: Flame Tongue      |    75 |    27 ||   102
  Eat: Meat ration       |     1 |       ||     1
Armor: Skin              |     1 |       ||     1
Dodge: Dodged            |    22 |    15 ||    37
